 Dungeon Crawl Stone Soup version 0.20-a0-1025-g4706f7e (webtiles) character file.

134 dvd the Chiller (level 4, -3/45 HPs)
             Began as a Demonspawn Ice Elementalist on Apr 19, 2017.
             Killed by divine providence
             ... invoked by an orc priest
              (9 damage)
             ... on level 3 of the Dungeon.
             The game lasted 00:05:45 (2731 turns).

dvd the Chiller (Demonspawn Ice Elementalist)       Turns: 2731, Time: 00:05:49

Health: -3/45      AC: 22    Str:  8    XL:     4   Next: 95%
Magic:  1/8        EV:  2    Int: 17    God:
Gold:   88         SH:  0    Dex: 17    Spells: 3/9 levels left

rFire    . . .     SeeInvis .   r - +0 morningstar
rCold    . . .     Gourm    .   (no shield)
rNeg     + + +     Faith    .   (armour currently unavailable)
rPois    +         Spirit   .   (helmet currently unavailable)
rElec    .         Reflect  .   (cloak currently unavailable)
rCorr    .         Harm     .   (gloves currently unavailable)
MR       .....     NoTele   +   (boots currently unavailable)
Stlth    +++.......             (no amulet)
Regen    0.2/turn               (no ring)
MPRegen  0.2/turn               (no ring)

@: agile, tree-form, hasted, very quick
A: clumsy 1, sense surroundings 1, evolution 1
a: no special abilities


You were on level 3 of the Dungeon.
You were not hungry.
You were a tree.
You visited 1 branch of the dungeon, and saw 3 of its levels.

You collected 88 gold pieces.

Inventory:

Hand Weapons
 e - a +0 whip
 h - a +0 mace
 n - a +0 falchion
 r - a +0 morningstar (weapon)
Armour
 a - a +0 robe
 f - a +0 leather armour (melded)
 v - a +0 pair of boots (melded)
Wands
 w - a wand of iceblast (9/15)
Scrolls
 d - a scroll of magic mapping {unknown}
 k - a scroll of amnesia {unknown}
 l - 2 scrolls of teleportation {unknown}
 m - 2 scrolls of identify {unknown}
 p - a scroll of fog {unknown}
 q - a scroll of immolation {unknown}
 t - a scroll of noise {unknown}
 u - a scroll of remove curse {unknown}
Potions
 i - a potion of mutation
 z - a potion of flight {unknown}
Books
 b - a book of Frost

   Spells                             Type                      Level
   a - Freeze                         Ice                          1
   b - Throw Frost                    Conjuration/Ice              2
   c - Ozocubu's Armour               Charms/Ice                   3
   d - Throw Icicle                   Conjuration/Ice              4
   e - Summon Ice Beast               Ice/Summoning                4
Comestibles
 c - 4 bread rations
 g - a meat ration
 x - a royal jelly
 A - 4 chunks of flesh


   Skills:
 + Level 1.0 Maces & Flails
 + Level 0.8 Armour
 + Level 2.1 Dodging
 + Level 2.2 Stealth
 + Level 3.2 Spellcasting
 + Level 1.0 Conjurations
 + Level 3.6 Ice Magic


You had 3 spell levels left.
You knew the following spells:

 Your Spells              Type           Power        Failure   Level  Hunger
a - Freeze                Ice            ##..         3%          1    None
b - Throw Frost           Conj/Ice       ##....       10%         2    ##.....
c - Ozocubu's Armour      Chrm/Ice       #.......     24%         3    ###....


Dungeon Overview and Level Annotations

Branches:
Dungeon (3/15)

Altars:


Innate Abilities, Weirdness & Mutations

((You have a pair of horns on your head.))
You are clumsy. (Dex -2)
You passively map a small area around you.
You evolve.


Message History

* * * LOW HITPOINT WARNING * * *
You hear a shout!
You hear an angry hiss.
It was a potion of agility.
You feel agile all of a sudden.
You hear a shout!
The orc priest begins to cast a cantrip, but forgets the words!
The orc priest closely misses you.
It was a potion of haste.
You feel yourself speed up. The orc priest hits you with a mace.
* * * LOW HITPOINT WARNING * * *
A goblin comes into view. It is wielding a dagger.
Unknown command.
It was a potion of lignification.
You turn into a tree.
Your +0 pair of boots melds into your body.
Your +0 leather armour melds into your body.
Your roots penetrate the ground.
Your icy armour evaporates.
The orc priest mumbles some strange prayers to Beogh against you.
Beogh smites you!
You die...

# * #..............#.............
# #..............#.............
#,###..............#.............
# .......)....)....##############
#,###..............# #.#
#..............# #.#
############.#....... , #.#
#.#....... ..# * * #♣#o...... ..#
, #o#....... ..# *, * #o#.o.....
* ..# * #og....... ..# ###.o.....
* ..#, , , ..# , * , ..# * , ..#


You could see 2 orc priests, an orc and a goblin (wandering).

Vanquished Creatures
  An orc priest (D:3)
  Ijyb (D:3)
  A worker ant (D:3)
  A worm (D:2)
  A dart slug (D:3)
  7 orcs (D:3)
  9 bats
  A giant cockroach (D:2)
  4 hobgoblins
  3 jackals (D:2)
  3 quokkas
  A ball python (D:3)
  3 frilled lizards
  2 goblins (D:3)
  6 kobolds
  5 rats
49 creatures vanquished.

Notes
Turn   | Place    | Note
-------+----------+-------------------------------------------
     0 | D:1      | dvd the Demonspawn Ice Elementalist began the quest for the Orb.
     0 | D:1      | Reached XP level 1. HP: 13/13 MP: 3/3
   306 | D:1      | Gained mutation: You have a pair of small horns on your head. [demonic ancestry]
   306 | D:1      | Reached XP level 2. HP: 19/19 MP: 1/5
  1581 | D:2      | Reached XP level 3. HP: 16/24 MP: 1/6
  1760 | D:3      | Learned a level 2 spell: Throw Frost
  1764 | D:3      | Learned a level 3 spell: Ozocubu's Armour
  1830 | D:3      | Noticed Ijyb
  1847 | D:3      | Killed Ijyb
  1931 | D:3      | Reached XP level 4. HP: 26/30 MP: 0/8
  2456 | D:3      | Reached skill level 1 in Maces & Flails
  2727 | D:3      | Gained mutation: You passively map a small area around you. [potion of mutation]
  2727 | D:3      | Gained mutation: You have a pair of horns on your head. [potion of mutation]
  2727 | D:3      | Gained mutation: You are clumsy. (Dex -2) [potion of mutation]
  2727 | D:3      | Gained mutation: You evolve. [potion of mutation]
  2731 | D:3      | Killed from afar by an orc priest

Vault maps used:
D:1:      evilmike_arrival_plus, minmay_misc_feat_cross
D:3:      uniq_robin, uniq_iyjb

Skill      XL: |  1  2  3  4 |
---------------+-------------+-----
Dodging        | 2 |  2.1
Stealth        | 2 |  2.2
Ice Magic      | 3 |  3.6
Spellcasting   | 3 |  3.2
Maces & Flails | 1 |  1.0
Armour         | |  0.8
Conjurations   | |  1.0

Action                   |  1- 3 |  4- 6 || total
-------------------------+-------+-------++-------
Melee: Mace              |    40 |       ||    40
       Headbutt          |     9 |     2 ||    11
       Morningstar       |    24 |    16 ||    40
 Cast: Freeze            |    38 |    12 ||    50
       Throw Frost       |     2 |    12 ||    14
       Ozocubu's Armour  |       |     2 ||     2
  Use: Potion            |       |     5 ||     5
 Stab: Sleeping          |     6 |     1 ||     7
       Distracted        |     1 |       ||     1
  Eat: Chunk             |     4 |     3 ||     7
Armor: Leather armour    |    25 |     8 ||    33
Dodge: Dodged            |    73 |    22 ||    95
